AoeStats
← VLC | DafeKhan

Arabia

508736338Analyzed
1v1 RM · 9d ago on Sep 23, 2026· 44m 55s· 2 players
Game mode
Random Map
Map size
Tiny (2 player)
Population
200
Speed
Normal
Resources
Standard
Victory
Conquest
Starting age
Dark Age
Ending age
Imperial Age
RankedLock teamsTeams togetherTeam positionsShared explorationLock speedFull tech treeHidden civsTurbo modeCheats
Victory
Defeat
🇨🇴 Malians · Colombia
1582
+15
🇵🇪 Danes · Peru
1556
-15
VuLtrox y los chavales
3:53 Loom
6:56 Loom
8:55 Feudal Age
9:42 Double-Bit Axe
20:30 Castle Age
18:57 Gold Mining
19:27 Fletching
19:36 Horse Collar
20:10 Padded Archer Armor
24:05 Scale Mail Armor
27:22 Chain Mail Armor
31:27 Wheelbarrow
30:38 Town Watch
31:17 Forging
31:15 Heavy Plow
34:23 Hand Cart
35:31 Thumb Ring
38:10 Imperial Age
35:59 Masonry
36:30 Gold Shaft Mining
35:47 Stone Mining
35:59 Bodkin Arrow
37:13 Gold Shaft Mining
36:46 Thumb Ring
38:03 Leather Archer Armor
38:07 Bow Saw
38:31 Squires
37:55 Hamask
38:32 Elite Varangian Guard
39:51 Conscription
40:33 Chemistry
39:33 Cranequins
41:15 Ballistics
41:28 Bloodlines
41:26 Husbandry
41:42 Bracer
VLC | DafeKhan
6:32 Loom
8:44 Feudal Age
9:17 Double-Bit Axe
11:35 Horse Collar
19:02 Castle Age
18:27 Bloodlines
19:05 Wheelbarrow
18:45 Gold Mining
19:19 Scale Barding Armor
19:24 Forging
20:00 Bow Saw
21:49 Husbandry
24:54 Chain Barding Armor
30:00 Hand Cart
36:39 Imperial Age
34:12 Scale Mail Armor
35:22 Ballistics
35:38 Chain Mail Armor
35:26 Squires
35:12 Arson
36:58 Iron Casting
36:35 Fletching
37:53 Plate Mail Armor
36:58 Elite Gbeto
38:03 Conscription
39:16 Gold Shaft Mining
39:23 Plate Barding Armor
39:22 Coinage
38:16 Cavalier
41:54 Light Cavalry
44:49 Farimba
Connection lost

Rejoining the realm…

Still unreachable

The connection could not be restored.

Session expired

The server has moved on; the page needs a fresh start.